 Dungeon Crawl Stone Soup version 0.14-a0-1653-g0ad7a2c (webtiles) character file.

265 M4edhros the Covert (level 5, 0/33 HPs)
             Began as an Octopode Artificer on Dec 27, 2013.
             Succumbed to a worker ant's poison
             ... on Level 4 of the Dungeon.
             The game lasted 00:02:47 (1591 turns).

M4edhros the Covert (Octopode Artificer)            Turns: 1591, Time: 00:02:47

HP   0/33        AC  1     Str 10      XL: 5   Next: 86%
MP   6/6         EV 11     Int 14      God:
Gold 57          SH 13     Dex 12      Spells:  0 memorised,  4 levels left

rFire  . . .     SeeInvis .     h - +0,+1 orc trident
rCold  . . .     Clarity  .     k - +0 shield
rNeg   . . .     Conserve .     (helmet restricted)
rPois  .         rCorr    .     (no amulet)
rElec  .         rRot     .     (no ring)
SustAb . .       Spirit   .     (no ring)
rMut   .         Warding  .     (no ring)
Saprov . . .     Stasis   .     (no ring)
                                (no ring)
                                (no ring)
                                (no ring)
                                (no ring)

@: quite poisoned, very slightly contaminated, hasted, very quick, slightly
resistant to hostile enchantments, extremely stealthy
A: almost no armour, amphibious, 8 rings, constrict 8, repulsion field 1,
camouflage 1, dopey 1, low mp 1, gelatinous body 1
a: no special abilities


You were on level 4 of the Dungeon.
You were hungry.

You visited 1 branch of the dungeon, and saw 4 of its levels.

You collected 57 gold pieces.

Inventory:

Hand weapons
 a - a +0,+0 short sword
 h - a +0,+1 orcish trident (weapon)
Armour
 k - a +0 shield (worn)
Magical devices
 b - a wand of flame (2)
 c - a wand of enslavement (13)
 d - a wand of random effects (9)
Comestibles
 f - 3 bread rations
 g - a lychee
 j - a meat ration
Scrolls
 e - 2 scrolls of remove curse {unknown}
 i - a scroll of identify {unknown}


   Skills:
 - Level 1.0 Fighting
 - Level 1.0 Short Blades
 - Level 2.0 Dodging
 + Level 8.1 Stealth
 - Level 3.2 Evocations


You had 4 spell levels left.
You didn't know any spells.

Dungeon Overview and Level Annotations

Branches:
Dungeon (4/16)
 Temple: D:4-7

Altars:


Innate Abilities, Weirdness & Mutations

You cannot wear most types of armour.
You are amphibious.
You can wear up to eight rings at the same time.
You can use your tentacles to constrict many enemies at once.
Your skin changes colour to match your surroundings (Stlth).
Your rubbery body absorbs attacks (AC +1).
You are surrounded by a mild repulsion field (EV +2).
You are dopey. (Int -2)
Your magical capacity is low (-10% MP).


Message History

You feel sick.
The plant is engulfed in a cloud of scalding steam.
The worker ant bites you!
* * * LOW HITPOINT WARNING * * *
You are more poisoned.
The worker ant poisons you!
Drink which item? (? for menu, Esc to quit)
Okay, then.
Read which item? (? for menu, Esc to quit)
Okay, then.
Drink which item? (? for menu, Esc to quit)
You feel yourself speed up. The worker ant closely misses you.
You are very lightly contaminated with residual magic.
Unknown command.
Unknown command.
* * * LOW HITPOINT WARNING * * *
You feel sick.
* * * LOW HITPOINT WARNING * * *
You feel sick.
You die...

#.##########
#...a.O..@.##
#....P≈≈≈≈..##
#♣♣.P≈PP≈≈♣..##
♣≈≈.≈≈P≈≈≈≈♣..#
≈P≈≈.≈≈≈≈≈≈≈≈≈.#
♣≈≈≈.≈≈≈P≈P♣≈..#
≈≈≈.≈≈≈≈≈P≈..##
PP.≈≈≈≈≈≈≈%###########
.≈≈≈♣♣♣♣............


You could see an ogre and a worker ant.

Vanquished Creatures
  A dwarf (D:4)
  A scorpion (D:4)
  An orc priest (D:3)
  A worker ant (D:4)
  An orc wizard (D:3)
  A giant mite (D:2)
  A giant eyeball (D:4)
  3 orcs
  5 hobgoblins
  2 jackals (D:2)
  5 kobolds
  2 quokkas
  2 bats
  A giant cockroach (D:1)
  A giant gecko (D:2)
  4 giant newts
  A giant newt skeleton (D:4)
  A giant spore (D:4)
  3 goblins
  A rat (D:3)
38 creatures vanquished.

Notes
Turn   | Place    | Note
--------------------------------------------------------------
     0 | D:1      | M4edhros, the Octopode Artificer, began the quest for the Orb.
     0 | D:1      | Reached XP level 1. HP: 13/13 MP: 1/1
   330 | D:1      | Reached XP level 2. HP: 15/18 MP: 3/3
   507 | D:2      | Reached skill level 4 in Stealth
   507 | D:2      | Reached XP level 3. HP: 2/23 MP: 4/4
   546 | D:2      | HP: 1/23 [goblin/orcish dagger (4)]
  1080 | D:3      | Gained mutation: Your magical capacity is low (-10% MP). [potion of mutation]
  1080 | D:3      | Gained mutation: You are dopey. (Int -2) [potion of mutation]
  1080 | D:3      | Gained mutation: You are surrounded by a mild repulsion field (EV +2). [potion of mutation]
  1136 | D:3      | Reached skill level 5 in Stealth
  1370 | D:4      | Reached XP level 4. HP: 26/28 MP: 5/5
  1402 | D:4      | Noticed an ogre
  1409 | D:4      | Noticed a dwarf
  1409 | D:4      | an ogre changed into a dwarf
  1478 | D:4      | Killed a dwarf
  1478 | D:4      | Reached skill level 7 in Stealth
  1478 | D:4      | Reached XP level 5. HP: 33/33 MP: 6/6
  1577 | D:4      | Noticed an ogre
  1581 | D:4      | Reached skill level 8 in Stealth
  1590 | D:4      | HP: 1/33 [poisoned by a worker ant]
  1591 | D:4      | Succumbed to a worker ant's poison

Action                   |  1- 3 |  4- 6 || total
-------------------------+-------+-------++-------
Melee: Short sword       |    52 |       ||    52
       Trident           |     4 |    24 ||    28
Evoke: Wand              |    10 |    11 ||    21
  Use: Scroll            |     3 |       ||     3
       Potion            |     2 |     3 ||     5
 Stab: Sleeping          |     3 |     4 ||     7
